Checkers 2 vs Roadrunners

Created - 30 septembre 2023 at 16:25

Goals
1 2 3 T
Checkers 2 0 0 0 0
Roadrunners 0 0 2 2
Shots
1 2 3 T
Checkers 2 3 7 16 26
Roadrunners 3 3 6 12

GoalsPenalties
1st period
No Goal
Luke Evangelista (PHO) for High sticking (Minor) at 0:21
2nd period
No Goal
Trey Fix-Wolansky (PHO) for Roughing (Minor) at 3:59
Wayne Simmonds (SEA) for Tripping (Minor) at 13:02
3rd period
1. Roadrunners , Julien Gauthier 6 (Luke Evangelista 5) at 6:06
2. Roadrunners , Reilly Walsh 1 (Ryan O'Rourke 2, Garrett Metcalf) at 17:11
No Penalty
Goalie Stats
Pavel Francouz (SEA), 10 saves from 12 shots - (0,833), L, 1-1-0, 60:00 minutes
Garrett Metcalf (PHO), 26 saves from 26 shots - (1,000), W, 4-6-1, 60:00 minutes
3 StarsOfficial
1 - Garrett Metcalf (PHO)
2 - Reilly Walsh (PHO)
3 - Julien Gauthier (PHO)
Referees : Ghislain Hebert and Dan O'Rourke
Linesman : Kyle Flemington and Steve Barton
Game Note
No Game Note



Team Name Goals Shots Shots Attemp Shots Blocked PIM HIT PP PK FO%
Checkers 2 0264722170 / 2 (0%)063%
Roadrunners 2122584190 / 1 (0%)037%

Checkers 2
Player Name POS G A P +/- PIM HIT SHT SB MP PP MP PP SHT PK MP PK SHT FO% FOT GA TA
Alex BelzileC/RW000-1000014:290:0000:52075% 410
Brett RitchieRW000-1026022:152:1410:00060% 500
Cale FleuryD000-1000017:320:0000:3900% 010
Colton WhiteD000-1000023:201:4100:0000% 020
Conor TimminsD0000010121:012:1701:2000% 000
Hudson FaschingRW0000010014:440:0000:0000% 000
Jake ChristiansenD000000000:000:0000:0000% 000
Joel HanleyD000-1025025:251:4101:2000% 000
Joel KivirantaLW/RW000-1030020:491:4401:0800% 000
Laurent DauphinC0000012020:282:1500:05060% 1500
Martin KautRW0000031015:430:2700:0000% 001
Max PaciorettyLW0000015019:432:1820:0500% 100
Michael Del ZottoD000-100003:372:1700:0000% 000
Nathan WalkerLW000-1011014:301:4000:5100% 000
Scott HarringtonD0000000015:100:0000:3900% 000
Sheldon DriesC000-1015018:081:1600:570100% 100
Victor MeteD0000000114:080:0000:0000% 000
Wayne SimmondsLW/RW000-1211016:580:0000:000100% 101
Roadrunners
Player Name POS G A P +/- PIM HIT SHT SB MP PP MP PP SHT PK MP PK SHT FO% FOT GA TA
Anders BjorkLW/RW0000001018:340:4500:29050% 200
Andy AndreoffC/LW0001022020:431:0201:11033% 900
Colin WhiteC/RW0000011114:490:3811:1000% 110
Fredrik KarlstromC000100001:370:0000:0000% 000
Jacob BrysonD0001011022:241:0900:2900% 000
Jake MassieD0000010018:050:0001:0000% 000
Julien GauthierRW1011002022:431:0902:18043% 700
Kale ClagueLW0001021325:061:3202:3800% 000
Linus KarlssonRW0000010014:390:0000:0000% 200
Luke EvangelistaRW0112231020:521:1200:0000% 000
Mac HollowellD0000000010:520:0000:0000% 000
Nick AbruzzeseC/LW000100004:490:0000:0000% 100
Reilly WalshD1011011223:441:2602:5800% 002
Ridly GreigC/LW0000021019:240:4802:18050% 400
Ryan O'RourkeD0111030222:380:0001:2100% 001
Samuel KnazkoD000000004:470:0000:0000% 000
Trey Fix-WolanskyRW0000210015:540:1400:000100% 101
William EklundC/LW0000011014:200:0000:0000% 010

Checkers 2

5 vs 5 Forward
Line #Left WingCenterRight WingPHYDFOFWanted %Time %Time Play
1Max PaciorettyLaurent DauphinBrett Ritchie0234531%16:52
2Nathan WalkerBrett RitchieJoel Kiviranta0233024%12:48
3Wayne SimmondsSheldon DriesHudson Fasching0322027%14:29
4Joel KivirantaAlex BelzileMartin Kaut032518%9:54
5 vs 5 Defense
Line #DefenseDefensePHYDFOFWanted %Time %Time Play
1Joel HanleyColton White0325041%22:01
2Conor TimminsCale Fleury0323031%16:46
3Scott HarringtonVictor Mete0321026%14:08
4Joel HanleyConor Timmins032102%1:08
Power Play Forward
Line #Left WingCenterRight WingPHYDFOFWanted %Time %Time Play
1Max PaciorettyLaurent DauphinBrett Ritchie0236058%2:18
2Nathan WalkerBrett RitchieJoel Kiviranta0234042%1:40
Power Play Defense
Line #DefenseDefensePHYDFOFWanted %Time %Time Play
1Joel HanleyColton White0236042%1:41
2Conor TimminsMichael Del Zotto0234058%2:17
Penalty Kill 4 Players Forward
Line #CenterWingPHYDFOFWanted %Time %Time Play
1Sheldon DriesWayne Simmonds0505056%1:07
2Alex BelzileJoel Kiviranta0505044%0:52
Penalty Kill 4 Players Defense
Line #DefenseDefensePHYDFOFWanted %Time %Time Play
1Joel HanleyConor Timmins1316067%1:20
2Scott HarringtonCale Fleury1314033%0:39
Penalty Kill 3 Players
Line #WingPHYDFOFWanted %Time %Time PlayDefenseDefensePHYDFOFWanted %Time %Time Play
1Wayne Simmonds050600%0:00 Joel HanleyConor Timmins041600%0:00
2Hudson Fasching050400%0:00 Scott HarringtonCale Fleury041400%0:00
4 vs 4 Forward
Line #CenterWingPHYDFOFWanted %Time %Time Play
1Laurent DauphinNathan Walker032500%0:00
2Brett RitchieJoel Kiviranta032500%0:00
4 vs 4 Defense
Line #DefensePHYDFOFWanted %Time %Time Play
1Joel HanleyColton White032600%0:00
2Conor TimminsCale Fleury032400%0:00
Last Minutes Offensive
Left WingCenterRight WingDefenseDefense
Max PaciorettyJoel KivirantaBrett RitchieJoel HanleyMichael Del Zotto
Last Minutes Defensive
Left WingCenterRight WingDefenseDefense
Nathan WalkerLaurent DauphinJoel KivirantaConor TimminsScott Harrington
Time
Total ForwardTotal DefenseLast Minutes OffensiveLast Minutes Defensive
60:00 60:00 0:000:00
Extra Forwards
Normal PowerPlayPenalty Kill
Joel Kiviranta, Laurent Dauphin, Brett RitchieJoel Kiviranta, Brett RitchieNathan Walker
Extra Defensemen
Normal PowerPlayPenalty Kill
Joel Hanley, Conor Timmins, Michael Del ZottoJoel Hanley, Conor TimminsScott Harrington
Penalty Shots
Max Pacioretty, Joel Kiviranta, Brett Ritchie, Nathan Walker, Laurent Dauphin
Goalie
Pavel Francouz, David Rittich
Scratches
Gage Quinney (Healthy), Alex Galchenyuk (Healthy), Xavier Ouellet (Healthy), Jeremy Davies (Healthy), Michael Carcone (Healthy) Mikhail Maltsev (Healthy), Noah Juulsen (Healthy), Nate Thompson (Healthy), Radim Zohorna (Healthy), Patrick Guay (Healthy) Maxime Lagace (Healthy), Zach Sawchenko (Healthy)

Roadrunners

5 vs 5 Forward
Line #Left WingCenterRight WingPHYDFOFWanted %Time %Time Play
1Luke EvangelistaJulien GauthierRidly Greig1224031%16:40
2Julien GauthierAndy AndreoffKale Clague1223018%9:40
3Andy AndreoffAnders BjorkTrey Fix-Wolansky1222025%13:23
4William EklundLinus KarlssonLuke Evangelista1221027%14:20
5 vs 5 Defense
Line #DefenseDefensePHYDFOFWanted %Time %Time Play
1Jacob BrysonKale Clague1224038%20:20
2Ryan O'RourkeReilly Walsh1223032%17:09
3Ryan O'RourkeReilly Walsh1222016%8:37
4Jake MassieKale Clague1221015%7:57
Power Play Forward
Line #Left WingCenterRight WingPHYDFOFWanted %Time %Time Play
1Julien GauthierAndy AndreoffLuke Evangelista1226092%1:50
2Julien GauthierAndy AndreoffKale Clague122408%0:09
Power Play Defense
Line #DefenseDefensePHYDFOFWanted %Time %Time Play
1Reilly WalshKale Clague1226070%1:23
2Jacob BrysonReilly Walsh1224030%0:36
Penalty Kill 4 Players Forward
Line #CenterWingPHYDFOFWanted %Time %Time Play
1Ridly GreigJulien Gauthier1226070%2:47
2Kale ClagueAndy Andreoff1224030%1:11
Penalty Kill 4 Players Defense
Line #DefenseDefensePHYDFOFWanted %Time %Time Play
1Reilly WalshKale Clague1226066%2:37
2Ryan O'RourkeReilly Walsh1224034%1:21
Penalty Kill 3 Players
Line #WingPHYDFOFWanted %Time %Time PlayDefenseDefensePHYDFOFWanted %Time %Time Play
1Ridly Greig122600%0:00 Reilly WalshKale Clague122600%0:00
2Kale Clague122400%0:00 Ryan O'RourkeReilly Walsh122400%0:00
4 vs 4 Forward
Line #CenterWingPHYDFOFWanted %Time %Time Play
1Andy AndreoffLuke Evangelista122600%0:00
2Kale ClagueLuke Evangelista122400%0:00
4 vs 4 Defense
Line #DefensePHYDFOFWanted %Time %Time Play
1Reilly WalshKale Clague122600%0:00
2Jacob BrysonReilly Walsh122400%0:00
Last Minutes Offensive
Left WingCenterRight WingDefenseDefense
Luke EvangelistaJulien GauthierRidly GreigJacob BrysonKale Clague
Last Minutes Defensive
Left WingCenterRight WingDefenseDefense
Luke EvangelistaJulien GauthierRidly GreigJacob BrysonKale Clague
Time
Total ForwardTotal DefenseLast Minutes OffensiveLast Minutes Defensive
60:00 60:00 0:000:00
Extra Forwards
Normal PowerPlayPenalty Kill
Kale Clague, Julien Gauthier, Luke EvangelistaKale Clague, Ridly GreigKale Clague
Extra Defensemen
Normal PowerPlayPenalty Kill
Jake Massie, Reilly Walsh, Ryan O'RourkeReilly Walsh, Jake MassieReilly Walsh
Penalty Shots
Kale Clague, Julien Gauthier, Luke Evangelista, Ridly Greig, Andy Andreoff
Goalie
Garrett Metcalf, Daniil Chechelev
Scratches
Cam Dineen (Bruised Left Foot Injury), Brayden Tracey (Healthy), Evan Barratt (Healthy), Jack Dugan (Healthy), Jamieson Rees (Healthy) Bobby Brink (Healthy), Grant Mismash (Healthy), Brad Lambert (Healthy), Brendan Brisson (Healthy), Ivan Morozov (Healthy) Josh Doan (Healthy), Karl Henriksson (Healthy), Darion Hanson (Healthy)


Play-by-Play

1st period


0:01 of 1st period - Julien Gauthier wins face-off versus Laurent Dauphin in neutral zone.
0:10 of 1st period - Snap shot by Ridly Greig.
0:10 of 1st period - Stopped by Pavel Francouz with a rebound.
0:21 of 1st period - Minor Penalty to Luke Evangelista for High sticking.
0:22 of 1st period - Ridly Greig wins face-off versus Laurent Dauphin in Roadrunners zone.
1:34 of 1st period - Colin White is hit by Nathan Walker and loses puck.
2:21 of 1st period - Penalty to Luke Evangelista is over, Luke Evangelista is back on ice.
2:29 of 1st period - Hudson Fasching is hit by Ryan O'Rourke and loses puck.
2:34 of 1st period - Slapshot by Jacob Bryson.
2:34 of 1st period - Stopped by Pavel Francouz with a rebound.
2:36 of 1st period - Slapshot by William Eklund.
2:36 of 1st period - Shot Misses the Net.
2:38 of 1st period - Slapshot by Jacob Bryson.
2:38 of 1st period - Shot Misses the Net.
3:25 of 1st period - Icing by Alex Belzile.
3:26 of 1st period - Sheldon Dries wins face-off versus Linus Karlsson in Checkers 2 zone.
4:13 of 1st period - Brett Ritchie is hit by Luke Evangelista and loses puck.
4:28 of 1st period - Anders Bjork is hit by Joel Kiviranta and loses puck.
4:53 of 1st period - Snap shot by Kale Clague.
4:53 of 1st period - Stopped by Pavel Francouz without a rebound.
4:54 of 1st period - Alex Belzile wins face-off versus Colin White in Checkers 2 zone.
6:19 of 1st period - Snap shot by Sheldon Dries.
6:19 of 1st period - Stopped by Garrett Metcalf with a rebound.
6:21 of 1st period - Slapshot by Colton White.
6:21 of 1st period - Shot Blocked by Colin White.
6:23 of 1st period - Snap shot by Sheldon Dries.
6:23 of 1st period - Stopped by Garrett Metcalf with a rebound.
6:25 of 1st period - Snap shot by Wayne Simmonds.
6:25 of 1st period - Stopped by Garrett Metcalf with a rebound.
11:31 of 1st period - Scott Harrington is hit by Colin White and loses puck.
13:45 of 1st period - Brett Ritchie is hit by Andy Andreoff and loses puck.
13:56 of 1st period - Scott Harrington is hit by Jacob Bryson and loses puck.
15:03 of 1st period - Colton White is hit by Ridly Greig and loses puck.
15:29 of 1st period - Icing by Trey Fix-Wolansky.
15:30 of 1st period - Julien Gauthier wins face-off versus Brett Ritchie in Roadrunners zone.
Goals for this period are 0 for Checkers 2 vs 0 for Roadrunners.
Shots for this period are 3 for Checkers 2 vs 3 for Roadrunners.

2nd period


0:01 of 2nd period - Laurent Dauphin wins face-off versus Andy Andreoff in neutral zone.
0:15 of 2nd period - Slapshot by Andy Andreoff.
0:15 of 2nd period - Stopped by Pavel Francouz with a rebound.
0:17 of 2nd period - Backhand shot by Andy Andreoff.
0:17 of 2nd period - Shot Misses the Net.
0:37 of 2nd period - Slapshot by Sheldon Dries.
0:37 of 2nd period - Stopped by Garrett Metcalf with a rebound.
0:39 of 2nd period - Slapshot by Colton White.
0:39 of 2nd period - Shot Misses the Net.
2:15 of 2nd period - Icing by Cale Fleury.
2:16 of 2nd period - Anders Bjork wins face-off versus Laurent Dauphin in Checkers 2 zone.
2:46 of 2nd period - Snap shot by Sheldon Dries.
2:46 of 2nd period - Stopped by Garrett Metcalf with a rebound.
3:09 of 2nd period - Brett Ritchie is hit by Linus Karlsson and loses puck.
3:59 of 2nd period - Minor Penalty to Trey Fix-Wolansky for Roughing.
4:00 of 2nd period - Ridly Greig wins face-off versus Laurent Dauphin in Roadrunners zone.
4:08 of 2nd period - Icing by Conor Timmins.
4:09 of 2nd period - Laurent Dauphin wins face-off versus Ridly Greig in Checkers 2 zone.
4:18 of 2nd period - Snap shot by Max Pacioretty.
4:18 of 2nd period - Shot Blocked by Kale Clague.
4:20 of 2nd period - Slapshot by Max Pacioretty.
4:20 of 2nd period - Stopped by Garrett Metcalf with a rebound.
4:22 of 2nd period - Snap shot by Brett Ritchie.
4:22 of 2nd period - Shot Blocked by Kale Clague.
4:36 of 2nd period - Wrist shot by Brett Ritchie.
4:36 of 2nd period - Shot Misses the Net.
4:38 of 2nd period - Snap shot by Brett Ritchie.
4:38 of 2nd period - Stopped by Garrett Metcalf with a rebound.
4:40 of 2nd period - Slapshot by Brett Ritchie.
4:40 of 2nd period - Shot Misses the Net.
4:48 of 2nd period - Snap shot by Max Pacioretty.
4:48 of 2nd period - Stopped by Garrett Metcalf with a rebound.
4:50 of 2nd period - Slapshot by Michael Del Zotto.
4:50 of 2nd period - Shot Misses the Net.
4:52 of 2nd period - Slapshot by Conor Timmins.
4:52 of 2nd period - Shot Blocked by Kale Clague.
4:54 of 2nd period - Wrist shot by Conor Timmins.
4:54 of 2nd period - Shot Misses the Net.
4:56 of 2nd period - Slapshot by Conor Timmins.
4:56 of 2nd period - Deflect By Max Pacioretty.
4:56 of 2nd period - Shot Misses the Net.
4:56 of 2nd period - Puck is out of play.
4:57 of 2nd period - Brett Ritchie wins face-off versus Ridly Greig in Roadrunners zone.
5:59 of 2nd period - Penalty to Trey Fix-Wolansky is over, Trey Fix-Wolansky is back on ice.
6:06 of 2nd period - Off-side.
6:07 of 2nd period - Wayne Simmonds wins face-off versus Linus Karlsson in neutral zone.
6:12 of 2nd period - Snap shot by Sheldon Dries.
6:12 of 2nd period - Stopped by Garrett Metcalf with a rebound.
6:23 of 2nd period - Wrist shot by Luke Evangelista.
6:23 of 2nd period - Stopped by Pavel Francouz with a rebound.
6:33 of 2nd period - Trey Fix-Wolansky is hit by Max Pacioretty and loses puck.
7:59 of 2nd period - Anders Bjork is hit by Hudson Fasching and loses puck.
8:16 of 2nd period - Slapshot by Jacob Bryson.
8:16 of 2nd period - Shot Misses the Net.
8:28 of 2nd period - Anders Bjork is hit by Martin Kaut and loses puck.
8:39 of 2nd period - Conor Timmins is hit by William Eklund.
10:07 of 2nd period - Jacob Bryson is hit by Martin Kaut and loses puck.
10:30 of 2nd period - Linus Karlsson is hit by Laurent Dauphin.
13:02 of 2nd period - Minor Penalty to Wayne Simmonds for Tripping.
13:03 of 2nd period - Andy Andreoff wins face-off versus Alex Belzile in Checkers 2 zone.
13:46 of 2nd period - Wrist shot by Colin White.
13:46 of 2nd period - Shot Misses the Net.
13:48 of 2nd period - Backhand shot by Colin White.
13:48 of 2nd period - Shot Misses the Net.
13:50 of 2nd period - Wrist shot by Anders Bjork.
13:50 of 2nd period - Shot Misses the Net.
13:52 of 2nd period - Wrist shot by Colin White.
13:52 of 2nd period - Stopped by Pavel Francouz without a rebound.
13:53 of 2nd period - Alex Belzile wins face-off versus Andy Andreoff in Checkers 2 zone.
15:02 of 2nd period - Penalty to Wayne Simmonds is over, Wayne Simmonds is back on ice.
15:15 of 2nd period - Wrist shot by Laurent Dauphin.
15:15 of 2nd period - Shot Misses the Net.
15:17 of 2nd period - Slapshot by Brett Ritchie.
15:17 of 2nd period - Stopped by Garrett Metcalf with a rebound.
15:19 of 2nd period - Snap shot by Laurent Dauphin.
15:19 of 2nd period - Shot Misses the Net.
16:17 of 2nd period - Brett Ritchie is hit by Luke Evangelista and loses puck.
16:59 of 2nd period - Wayne Simmonds is hit by Ridly Greig and loses puck.
18:03 of 2nd period - Julien Gauthier is hit by Conor Timmins and loses puck.
18:54 of 2nd period - Martin Kaut is hit by Kale Clague and loses puck.
Goals for this period are 0 for Checkers 2 vs 0 for Roadrunners.
Shots for this period are 7 for Checkers 2 vs 3 for Roadrunners.

3rd period


0:01 of 3rd period - Laurent Dauphin wins face-off versus Andy Andreoff in neutral zone.
0:04 of 3rd period - Slapshot by Joel Hanley.
0:04 of 3rd period - Deflect By Jacob Bryson.
0:04 of 3rd period - Stopped by Garrett Metcalf without a rebound.
0:05 of 3rd period - Laurent Dauphin wins face-off versus Andy Andreoff in Roadrunners zone.
0:06 of 3rd period - Snap shot by Brett Ritchie.
0:06 of 3rd period - Stopped by Garrett Metcalf with a rebound.
0:20 of 3rd period - Slapshot by Andy Andreoff.
0:20 of 3rd period - Stopped by Pavel Francouz with a rebound.
1:00 of 3rd period - Joel Kiviranta is hit by Ryan O'Rourke and loses puck.
2:01 of 3rd period - Cale Fleury is hit by Kale Clague and loses puck.
2:18 of 3rd period - Snap shot by Hudson Fasching.
2:18 of 3rd period - Shot Misses the Net.
2:41 of 3rd period - Icing by Martin Kaut.
2:42 of 3rd period - Laurent Dauphin wins face-off versus Nick Abruzzese in Checkers 2 zone.
2:47 of 3rd period - Nick Abruzzese is hit by Brett Ritchie and loses puck.
3:00 of 3rd period - Sheldon Dries is hit by Luke Evangelista and loses puck.
3:05 of 3rd period - Wrist shot by Linus Karlsson.
3:05 of 3rd period - Deflect By William Eklund.
3:05 of 3rd period - Stopped by Pavel Francouz with a rebound.
3:13 of 3rd period - Ryan O'Rourke is hit by Sheldon Dries and loses puck.
3:24 of 3rd period - Conor Timmins is hit by Trey Fix-Wolansky and loses puck.
3:35 of 3rd period - Joel Kiviranta is hit by Jake Massie and loses puck.
4:00 of 3rd period - William Eklund is hit by Joel Hanley and loses puck.
4:07 of 3rd period - Wrist shot by Brett Ritchie.
4:07 of 3rd period - Deflect By Laurent Dauphin.
4:07 of 3rd period - Stopped by Garrett Metcalf with a rebound.
4:09 of 3rd period - Wrist shot by Max Pacioretty.
4:09 of 3rd period - Stopped by Garrett Metcalf with a rebound.
4:11 of 3rd period - Snap shot by Laurent Dauphin.
4:11 of 3rd period - Deflect By Reilly Walsh.
4:11 of 3rd period - Stopped by Garrett Metcalf without a rebound.
4:12 of 3rd period - Trey Fix-Wolansky wins face-off versus Laurent Dauphin in Roadrunners zone.
4:23 of 3rd period - Wrist shot by Andy Andreoff.
4:23 of 3rd period - Shot Misses the Net.
5:09 of 3rd period - Slapshot by Joel Hanley.
5:09 of 3rd period - Stopped by Garrett Metcalf without a rebound.
5:10 of 3rd period - Laurent Dauphin wins face-off versus Julien Gauthier in Roadrunners zone.
5:11 of 3rd period - Slapshot by Brett Ritchie.
5:11 of 3rd period - Stopped by Garrett Metcalf without a rebound.
5:12 of 3rd period - Laurent Dauphin wins face-off versus Julien Gauthier in Roadrunners zone.
5:13 of 3rd period - Slapshot by Max Pacioretty.
5:13 of 3rd period - Shot Blocked by Reilly Walsh.
5:15 of 3rd period - Wrist shot by Max Pacioretty.
5:15 of 3rd period - Deflect By Brett Ritchie.
5:15 of 3rd period - Shot Misses the Net.
5:15 of 3rd period - Puck is out of play.
5:16 of 3rd period - Laurent Dauphin wins face-off versus Julien Gauthier in Roadrunners zone.
5:17 of 3rd period - Slapshot by Brett Ritchie.
5:17 of 3rd period - Stopped by Garrett Metcalf with a rebound.
5:21 of 3rd period - Wrist shot by Max Pacioretty.
5:21 of 3rd period - Stopped by Garrett Metcalf with a rebound.
5:23 of 3rd period - Snap shot by Max Pacioretty.
5:23 of 3rd period - Shot Blocked by Reilly Walsh.
5:27 of 3rd period - Slapshot by Brett Ritchie.
5:27 of 3rd period - Stopped by Garrett Metcalf with a rebound.
5:29 of 3rd period - Slapshot by Joel Hanley.
5:29 of 3rd period - Stopped by Garrett Metcalf with a rebound.
5:31 of 3rd period - Snap shot by Joel Hanley.
5:31 of 3rd period - Shot Misses the Net.
5:33 of 3rd period - Snap shot by Max Pacioretty.
5:33 of 3rd period - Stopped by Garrett Metcalf without a rebound.
5:34 of 3rd period - Brett Ritchie wins face-off versus Andy Andreoff in Roadrunners zone.
5:42 of 3rd period - Icing by Jacob Bryson.
5:43 of 3rd period - Andy Andreoff wins face-off versus Brett Ritchie in Roadrunners zone.
5:43 of 3rd period - Andy Andreoff is hit by Brett Ritchie.
6:06 of 3rd period - Slapshot by Julien Gauthier.
6:06 of 3rd period - Goal by Julien Gauthier - Checkers 2 : 0 - Roadrunners : 1.
6:07 of 3rd period - Laurent Dauphin wins face-off versus Andy Andreoff in neutral zone.
6:16 of 3rd period - Wrist shot by Brett Ritchie.
6:16 of 3rd period - Shot Misses the Net.
6:18 of 3rd period - Slapshot by Joel Hanley.
6:18 of 3rd period - Deflect By Kale Clague.
6:18 of 3rd period - Stopped by Garrett Metcalf without a rebound.
6:19 of 3rd period - Andy Andreoff wins face-off versus Max Pacioretty in Roadrunners zone.
6:34 of 3rd period - Snap shot by Max Pacioretty.
6:34 of 3rd period - Shot Blocked by Ryan O'Rourke.
6:36 of 3rd period - Snap shot by Colton White.
6:36 of 3rd period - Deflect By Laurent Dauphin.
6:36 of 3rd period - Shot Misses the Net.
6:36 of 3rd period - Puck is out of play.
6:37 of 3rd period - Brett Ritchie wins face-off versus Julien Gauthier in Roadrunners zone.
6:46 of 3rd period - Snap shot by Nathan Walker.
6:46 of 3rd period - Stopped by Garrett Metcalf with a rebound.
6:48 of 3rd period - Wrist shot by Brett Ritchie.
6:48 of 3rd period - Shot Blocked by Ryan O'Rourke.
6:50 of 3rd period - Slapshot by Joel Hanley.
6:50 of 3rd period - Stopped by Garrett Metcalf with a rebound.
7:25 of 3rd period - Slapshot by Reilly Walsh.
7:25 of 3rd period - Shot Misses the Net.
7:56 of 3rd period - Julien Gauthier is hit by Joel Hanley and loses puck.
8:09 of 3rd period - Jacob Bryson is hit by Wayne Simmonds and loses puck.
8:29 of 3rd period - Wrist shot by Nick Abruzzese.
8:29 of 3rd period - Shot Blocked by Victor Mete.
8:31 of 3rd period - Backhand shot by Anders Bjork.
8:31 of 3rd period - Stopped by Pavel Francouz with a rebound.
12:52 of 3rd period - Laurent Dauphin is hit by Ryan O'Rourke and loses puck.
14:35 of 3rd period - Icing by Mac Hollowell.
14:36 of 3rd period - Alex Belzile wins face-off versus Anders Bjork in Roadrunners zone.
15:15 of 3rd period - Julien Gauthier is hit by Joel Kiviranta and loses puck.
15:36 of 3rd period - Martin Kaut is hit by Reilly Walsh and loses puck.
16:01 of 3rd period - Slapshot by Martin Kaut.
16:01 of 3rd period - Stopped by Garrett Metcalf with a rebound.
16:57 of 3rd period - Andy Andreoff is hit by Joel Kiviranta and loses puck.
17:11 of 3rd period - Slapshot by Reilly Walsh.
17:11 of 3rd period - Goal by Reilly Walsh - Checkers 2 : 0 - Roadrunners : 2.
17:12 of 3rd period - Julien Gauthier wins face-off versus Laurent Dauphin in neutral zone.
17:21 of 3rd period - Snap shot by Ridly Greig.
17:21 of 3rd period - Shot Misses the Net.
17:35 of 3rd period - Snap shot by Julien Gauthier.
17:35 of 3rd period - Stopped by Pavel Francouz with a rebound.
17:37 of 3rd period - Slapshot by Ryan O'Rourke.
17:37 of 3rd period - Shot Blocked by Conor Timmins.
18:09 of 3rd period - Laurent Dauphin is hit by Andy Andreoff and loses puck.
18:20 of 3rd period - Wrist shot by Trey Fix-Wolansky.
18:20 of 3rd period - Shot Misses the Net.
19:41 of 3rd period - Mac Hollowell is hit by Martin Kaut and loses puck.
Goals for this period are 0 for Checkers 2 vs 2 for Roadrunners.
Shots for this period are 16 for Checkers 2 vs 6 for Roadrunners.